 Dungeon Crawl Stone Soup version 0.26-a0-1191-ge2a0e31ab3 (webtiles) character file.

Game seed: 8411201652658704343

71 vvl the Firebug (level 4, -4/30 HPs)
             Began as a Demonspawn Fire Elementalist on Dec 29, 2020.
             Killed from afar by Sigmund (8 damage)
             ... with a puff of flame
             ... on level 2 of the Dungeon.
             The game lasted 00:09:07 (2958 turns).

vvl the Firebug (Demonspawn Fire Elementalist)      Turns: 2958, Time: 00:09:08

Health: -4/30      AC:  4    Str:  4    XL:     4   Next: 5%
Magic:  1/7        EV: 11    Int: 17    God:
Gold:   117        SH:  0    Dex: 14    Spells: 6/7 levels left

rFire    . . .     SeeInvis .   m - +3 dagger
rCold    + . .     Faith    .   (no shield)
rNeg     . . .     Spirit   .   b - +0 leather armour
rPois    .         Reflect  .   (no helmet)
rElec    .         Harm     .   p - +0 cloak
rCorr    .         Rampage  .   (no gloves)
Will     .....                  (no boots)
Stlth    +.........             (no amulet)
HPRegen  0.10/turn              d - -4 ring of strength (curse)
MPRegen  0.10/turn              j - ring of protection from cold

@: confused
A: hooves 1
a: no special abilities


You were on level 2 of the Dungeon.
You visited 1 branch of the dungeon, and saw 2 of its levels.

You collected 117 gold pieces.

Inventory:

Hand Weapons
 m - a +3 dagger (weapon)
Armour
 b - a +0 leather armour (worn)
 p - a +0 cloak (worn)
Jewellery
 d - a cursed -4 ring of strength (left hand)
 j - a ring of protection from cold (right hand)
 o - an uncursed amulet of regeneration {unknown}
 q - a cursed amulet of inaccuracy {unknown}
 u - an uncursed amulet of magic regeneration {unknown}
Scrolls
 h - 3 scrolls of amnesia {unknown}
 k - a scroll of enchant armour {unknown}
 l - 4 scrolls of identify {unknown}
 n - 2 scrolls of magic mapping {unknown}
 r - a scroll of teleportation {unknown}
 s - a scroll of fear {unknown}
 t - a scroll of remove curse {unknown}
Potions
 a - 2 potions of heal wounds {unknown}
 c - a potion of mutation {unknown}
 e - 4 potions of curing {unknown}
 f - a potion of degeneration {unknown}
 g - 2 potions of might {unknown}
 i - a potion of ambrosia {unknown}


   Skills:
 - Level 1.7 Dodging
 - Level 1.7 Stealth
 + Level 2.4 Spellcasting
 * Level 2.5 Conjurations
 + Level 3.1 Fire Magic
 + Level 2.0 Invocations


You had 6 spell levels left.
You knew the following spells:

 Your Spells              Type           Power        Failure   Level
a - Foxfire               Conj/Fire      44%          11%         1

Your spell library contained the following spells:

 Spells                   Type           Power        Failure   Level
 Conjure Flame            Conj/Fire      11%          30%         3
 Inner Flame              Hex/Fire       7%           45%         3
 Sticky Flame             Conj/Fire      11%          71%         4
 Fireball                 Conj/Fire      5%           96%         5


Dungeon Overview and Level Annotations

Branches:
Dungeon (2/15)

Altars:

Annotations:
D:2 Sigmund


Innate Abilities, Weirdness & Mutations

You have large cloven feet.


Message History

The foxfire hits something.
There is a strange disturbance nearby!
Your magical contamination has completely faded away.
There is a strange disturbance nearby!
There is a strange disturbance nearby!
Casting: Foxfire (safe; 11% risk of failure)
Confirm with . or Enter, or press ? or * to list all spells.
You conjure some foxfire!
Something hits you!
* * * LOW HITPOINT WARNING * * *
The foxfire hits something. x2
You hear some strange, mumbled words.
You are confused.
You bump into the rock wall.
A puff of flame appears from out of thin air!
The puff of flame hits you.
* * * LOW HITPOINT WARNING * * *
You're too confused to move!
A puff of flame appears from out of thin air!
The puff of flame hits you!
You die...

#........##.....#
#........##.....####
#.[.)....#......'...
##############........#......####
.............'........#......#
.#......######........#.######
.#......# ########†###.#
.###########.........##.#########
.............{..@................
.###########..###..#..#.#########
.# ###.## ##.##.#.######### ##
##...# #........)...... # #..###
###....######### # #.## ##...# #
#.# +..[# + #.## ##...# # #
#..### ###..#.# #


There were no monsters in sight!

Vanquished Creatures
  An adder (D:2)
  A worm (D:2)
  A dart slug (D:1)
  3 leopard geckos (D:1)
  11 bats (D:1)
  2 giant cockroaches
  4 hobgoblins
  3 jackals (D:2)
  12 kobolds
  A quokka (D:2)
  2 frilled lizards
  6 goblins
  5 rats
52 creatures vanquished.

Vanquished Creatures (others)
  114 foxfires
114 creatures vanquished.

Grand Total: 166 creatures vanquished

Notes
Turn   | Place    | Note
-------+----------+-------------------------------------------
     0 | D:1      | vvl the Demonspawn Fire Elementalist began the quest for
                  | the Orb.
     0 | D:1      | Reached XP level 1. HP: 13/13 MP: 3/3
  1019 | D:1      | Gained mutation: You have large cloven feet. [demonic
                  | ancestry]
  1019 | D:1      | Reached XP level 2. HP: 18/19 MP: 5/5
  1213 | D:1      | Reached skill level 1 in Invocations
  1530 | D:1      | Reached XP level 3. HP: 15/24 MP: 2/6
  1560 | D:1      | Reached skill level 3 in Fire Magic
  2414 | D:2      | Found a faded altar of an unknown god.
  2843 | D:2      | Reached XP level 4. HP: 30/30 MP: 3/7
  2927 | D:2      | Noticed Sigmund
  2958 | D:2      | Killed from afar by Sigmund

Illustrated notes

Levels and vault maps discovered:
D:1:      lemuel_arrival_room, layout_basic, minmay_surrounded
D:2:      cheibrodos_greedy_goblins, layout_basic,
          chequers_ecumenical_altar_island, uniq_sigmund

Skill      XL: |  1  2  3 |
---------------+----------+-----
Invocations    | 1 2 |  2.0
Conjurations   | 2 |  2.5
Fire Magic     | 3 |  3.1
Dodging        | |  1.7
Stealth        | |  1.7
Spellcasting   | |  2.4

Action                   |  1- 3 |  4- 6 || total
-------------------------+-------+-------++-------
Melee: Unarmed           |     5 |       ||     5
       Short sword       |    34 |       ||    34
       Kick              |    13 |       ||    13
       Dagger            |    43 |     1 ||    44
 Cast: Foxfire           |    57 |     8 ||    65
Armor: Leather armour    |    29 |     2 ||    31
Dodge: Dodged            |    75 |     3 ||    78

Table legend: (Time is in decaauts)
 A = Elapsed time spent in this place.
 B = Non-inter-level travel time spent in this place.
 C = Inter-level travel time spent in this place.
 D = Time resting spent in this place.
 E = Time spent auto-exploring this place.
 F = Levels seen in this place.
 G = Mean time per level.
                   A        B        C        D        E       F      G
               +--------+--------+--------+--------+--------+-----+--------+
         Total |   2959 |   2883 |     76 |    753 |   1719 |   2 | 1479.5 |
       Dungeon |   2959 |   2883 |     76 |    753 |   1719 |   2 | 1479.5 |
               +--------+--------+--------+--------+--------+-----+--------+

Top non-repeatable levels by time:
     D:1: 2008 daAuts
     D:2: 950 daAuts
